 Dungeon Crawl Stone Soup version 0.19.0-24-gb05acd6 (webtiles) character file.

154899 Gargoyl the Agent of Entropy (level 17, -19/140 HPs)
             Began as a Demonspawn Abyssal Knight on Nov 19, 2016.
             Was a Priest of Lugonu.
             Killed from afar by Aizul (43 damage)
             ... with a bolt of poison
             ... on level 2 of the Spider Nest on Nov 21, 2016.
             The game lasted 01:33:19 (37888 turns).

Gargoyl the Agent of Entropy (DsAK)                Turns: 37888, Time: 01:33:20

Health: -19/140    AC: 35    Str: 19    XL:     17   Next: 7%
Magic:  11/29      EV: 18    Int: 14    God:    Lugonu [***...]
Gold:   1778       SH: 20    Dex: 18    Spells: 0 memorised, 16 levels left

rFire  + . .     SeeInvis +     n - +2 hand axe (elec)
rCold  + . .     Gourm    .     z - +0 plate armour {rF+}
rNeg   . . .     Faith    .     k - +1 large shield
rPois  .         Spirit   .     D - +2 hat {SInv}
rElec  +         Reflect  .     r - +2 cloak
rCorr  .         Harm     +     (gloves unavailable)
MR     ++...                    M - +2 pair of boots {run}
Stlth  ..........               f - amulet "Opnop" {Harm *Drain rElec Slay+2}
                                B - ring of protection from magic
                                F - +5 ring of evasion

@: agile, lethally poisoned (-19 -> -32), quick
A: beak, claws 3, cold resistance 1, icemail, powered by death 2, robust 1,
freezing cloud immunity, sturdy frame 2
a: Depart the Abyss, Bend Space, Banish, Renounce Religion


You were on level 2 of the Spider Nest.
You worshipped Lugonu.
Lugonu was most pleased with you.
You were near starving.

You visited 6 branches of the dungeon, and saw 28 of its levels.
You visited the Abyss 1 time.
You also visited: Labyrinth and Ossuary.

You collected 2904 gold pieces.
You spent 1126 gold pieces at shops.

Inventory:

Hand Weapons
 g - a +3 hand axe of flaming
 n - a +2 hand axe of electrocution (weapon)
 C - the +6 trident of Liler {pierce, rElec SInv}
   (You found it on level 4 of the Lair of Beasts)

   It inflicts extra damage upon your enemies.
   It insulates you from electricity.
   It lets you see invisible.
 J - the +2 hand axe of Zayrus {speed, rC+ Dex+3}
   (You found it on level 2 of the Spider Nest)

   Attacks with this weapon are significantly faster.
   It affects your dexterity (+3).
   It protects you from cold.
 T - a +1 broad axe of holy wrath
Missiles
 K - 10 javelins (quivered)
Armour
 k - a +1 large shield (worn)
 r - a +2 cloak (worn)
 z - a +0 plate armour of fire resistance (worn)
 D - a +2 hat of see invisible (worn)
 M - a +2 pair of boots of running (worn)
Jewellery
 f - the amulet "Opnop" (around neck) {Harm *Drain rElec Slay+2}
   (You found it on level 3 of the Abyss)

   [amulet of harm]

   It increases damage dealt and taken.
   It affects your accuracy and damage with ranged weapons and melee attacks
   (+2).
   It insulates you from electricity.
   It causes draining when unequipped.
 B - a ring of protection from magic (right claw)
 F - a +5 ring of evasion (left claw)
 R - an uncursed ring of protection from cold
 V - a +4 ring of protection
Wands
 q - a wand of lightning (8/15)
 w - a wand of flame (31/48)
 A - a wand of random effects (18/48)
 E - a wand of digging (11/24)
 G - a wand of paralysis (14/24)
 I - a wand of disintegration (1/24)
 O - a wand of polymorph (20/24)
Scrolls
 h - 3 scrolls of teleportation
 i - a scroll of magic mapping
 j - 3 scrolls of fear
 o - 7 scrolls of identify
 p - 4 scrolls of recharging
 s - 16 scrolls of remove curse
 Y - a scroll of blinking
Potions
 a - 3 potions of curing
 e - 2 potions of haste
 u - 2 potions of flight
 v - 2 potions of resistance
Miscellaneous
 Q - a sack of spiders
 U - a phial of floods
Comestibles
 b - 6 beef jerkies
 c - 10 bread rations
 d - 3 chunks of flesh
 l - 11 meat rations
 t - a fruit
 H - 3 slices of pizza


   Skills:
 + Level 10.1 Fighting
 + Level 13.6 Axes
 + Level 0.5(9.0) Polearms
 + Level 1.0 Throwing
 * Level 13.5 Armour
 + Level 4.0 Dodging
 + Level 14.2 Shields
 * Level 17.4 Invocations
 + Level 0.4 Evocations


You had 16 spell levels left.
You didn't know any spells.

Dungeon Overview and Level Annotations

Branches:
Dungeon (15/15)            Temple (0/1) D:4            Lair (6/6) D:8
 Shoals (0/4) Lair:2       Spider (3/4) Lair:4        Slime (0/5) Lair:6
    Orc (2/2) D:10            Elf (1/3) Orc:2        Vaults (0/5) D:14
 Depths (1/5) D:15

Altars:
Ashenzari
Cheibriados
Fedhas
Kikubaaqudgha
Nemelex Xobeh
Okawaru
Trog
Xom
Yredelemnul
Zin

Shops:
D:5 (   D:7 :   D:10 :   D:12 }   D:14 (   Orc:1 (   Orc:2 *[[*[   Elf:1 (

Portals:
Trove: D:13 (give +2 storm dragon scales)

Annotations:
Lair:3 exclusion: 2 oklob plants
Spider:2 Aizul


Innate Abilities, Weirdness & Mutations

You have claws for hands.
Your flesh is cold resistant. (rC+)
A meltable icy envelope protects you from harm. (AC +10)
You regenerate health from kills.
You are robust. (+10% HP)
You are immune to freezing clouds.
Your movements are less encumbered by armour. (ER -4)
You have a beak for a mouth.


Message History

You resist with some effort.
Press: ? - help, Shift-Dir - straight line, f/p - Aizul
Aim: Aizul (lightly wounded, chance to defeat MR: 16%) Aizul resists with almost no effort.
You feel somewhat more hungry.
You can no longer corrupt the fabric of space.
You feel sick. Aizul casts a spell at you. The bolt of poison hits you!
You are more poisoned.
* * * LOW HITPOINT WARNING * * *
You feel better. Aizul hits you but does no damage.
Aizul coils herself and waves her upper body at you.
The bolt of poison hits you!
You are poisoned.
* * * LOW HITPOINT WARNING * * *
You feel better.
Aizul coils herself and waves her upper body at you.
The bolt of poison hits you!
You are poisoned.
You die...

.......^...##............####....
..........##.............#.......
..........#.............##.......
..........#..............#.......
..........#......................
..........#......................
.....^..............##^.........#
...............S.....≈#........##
................@.....≈..........
...............†.†^..^≈≈..#......
................^......#..≈≈.....
.....................(##...##....
...............<......≈#...^#....
.........>≈#.......##.####.##....
............#<...^..≈≈#..≈≈#.....
............#.≈#).........≈...#..
...............≈.........####.###


You could see Aizul.

Vanquished Creatures
  2 entropy weavers
  2 dire elephants
  A spark wasp (Spider:2)
  Snorg (D:14)
  7 hydras
  A vault guard (D:14)
  A death knight (D:12)
  A centaur warrior (D:13)
  The ghost of Assic the Thaumaturge, a journeyman GrEE of Vehumet (D:11)
  A catoblepas (Lair:6)
  4 dancing weapons
  9 death yaks
  A deep troll shaman (Lair:6)
  An orc high priest (Orc:2)
  The ghost of LupusAter the Destroyer, a journeyman DECj of Vehumet (D:10)
  6 deep elf knights (Elf:1)
  An unseen horror (shapeshifter) (D:13)
  2 unseen horrors
  3 deep elf archers (Elf:1)
  6 hill giants
  3 wizards (D:14)
  11 orb spiders
  Pikel (D:5)
  2 necromancers (D:14)
  2 orc sorcerers
  6 cyclopes
  22 wolf spiders
  4 orc knights
  2 wolf spider zombies
  29 deep elf magi
  11 ugly things
  2 manticores
  3 moths of wrath (Spider:1)
  5 black mambas
  18 elephants
  3 gargoyles
  Joseph (D:9)
  12 spiny frogs
  7 demonic crawlers
  A rime drake (shapeshifter) (D:13)
  5 komodo dragons
  22 jumping spiders
  A queen bee (Lair:4)
  Grinder (D:5)
  4 hornets
  6 trolls
  2 two-headed ogres
  15 blink frogs
  2 polar bears (Lair:6)
  A polar bear (shapeshifter) (D:13)
  8 slime creatures
  2 dream sheep (D:8)
  14 hippogriffs
  63 redbacks
  32 tarantellas
  3 wraiths
  5 wyverns
  2 water elementals
  2 shadows
  2 basilisks
  Eustachio (D:5)
  2 hungry ghosts (Lab)
  37 yaks
  17 humans (D:14)
  9 vampire mosquitoes
  2 wargs
  Menkaure (D:5)
  Edmund (D:4)
  16 water moccasins
  A soldier ant (D:13)
  2 hell hounds
  9 porcupines
  A swamp drake (Orc:2)
  2 black bears
  32 orc warriors
  2 eyes of draining
  2 slaves
  3 ice beasts
  6 sky beasts
  A tengu (shapeshifter) (D:15)
  4 phantoms
  23 wolves
  18 ogres
  13 centaurs
  14 crocodiles
  Blork the orc (D:5)
  5 big kobolds
  21 bullfrogs
  A gnoll sergeant (D:12)
  An earth elemental (Orc:2)
  9 scorpions
  19 killer bees
  3 wights (D:13)
  3 electric eels
  4 howler monkeys
  6 crimson imps
  6 centaur zombies
  3 jellies
  A quasit (D:8)
  2 bullfrog zombies
  18 orc wizards
  A bullfrog skeleton (D:13)
  8 orc priests
  Crazy Yiuf (D:5)
  4 hounds
  3 centaur skeletons
  An iron imp (Orc:2)
  Jessica (D:3)
  8 iguanas
  11 worker ants
  7 hell rats (Lair:6)
  2 hound zombies
  A hound skeleton (D:9)
  8 mummies (Ossuary)
  A howler monkey zombie (D:5)
  7 gnolls
  13 adders
  5 shadow imps
  A white imp (Orc:2)
  An ooze (D:2)
  3 adder skeletons
  7 worms
  3 dart slugs
  7 leopard geckos
  81 orcs
  8 bats
  2 giant cockroaches
  6 goblins
  8 hobgoblins
  6 jackals
  3 quokkas
  4 ball pythons
  3 frilled lizards
  4 gnoll zombies
  A hobgoblin zombie (Ossuary)
  18 kobolds
  2 kobold zombies (Ossuary)
  3 orc zombies (Ossuary)
  A quokka zombie (D:10)
  6 rats
  9 fungi
  5 plants
985 creatures vanquished.

Vanquished Creatures (collateral kills)
  A minotaur (Lab)
1 creature vanquished.

Vanquished Creatures (others)
  2 entropy weavers
  A spark wasp (Spider:1)
  A deep elf high priest (Elf:1)
  The ghost of Fv001 the Destroyer, a novice DrCj of Vehumet (D:8)
  A death yak (Lair:3)
  12 orb spiders
  2 wolf spiders (Spider:2)
  2 jumping spiders
  2 tarantellas (Spider:3)
  A redback (Spider:2)
  A bullfrog (D:7)
  An adder (D:11)
  An orc (D:8)
  A fulminant prism (D:8)
  6 fungi
  2 plants
37 creatures vanquished.

Grand Total: 1023 creatures vanquished

Notes
Turn   | Place    | Note
-------+----------+-------------------------------------------
     0 | Abyss:1  | Gargoyl the Demonspawn Abyssal Knight began the quest for the Orb.
     0 | Abyss:1  | Reached XP level 1. HP: 18/18 MP: 2/2
    17 | Abyss:1  | Found a corrupted altar of Lugonu.
    76 | Abyss:3  | Got a crude steel amulet
    81 | Abyss:3  | Noticed a ynoxinul
    84 | Abyss:3  | Noticed an ancient zyme
    84 | D:1      | Escaped the Abyss
    85 | D:1      | Identified the amulet "Opnop" {Harm *Drain rElec Slay+2} (You found it on level 3 of the Abyss)
   241 | D:1      | Reached * piety under Lugonu
   302 | D:1      | Gained mutation: You have sharp fingernails. [demonic ancestry]
   302 | D:1      | Reached XP level 2. HP: 24/24 MP: 4/4
  1072 | D:2      | Reached skill level 3 in Invocations
  1072 | D:2      | Gained mutation: Your flesh is cold resistant. (rC+) [demonic ancestry]
  1072 | D:2      | Reached XP level 3. HP: 29/29 MP: 5/5
  1121 | D:2      | Found a bloodstained altar of Trog.
  1121 | D:2      | Found an ancient bone altar of Kikubaaqudgha.
  1150 | D:2      | Reached skill level 1 in Dodging
  1236 | D:2      | Found a shattered altar of Ashenzari.
  1407 | D:2      | Gained mutation: Your movements are slightly less encumbered by armour. (ER -2) [demonic ancestry]
  1407 | D:2      | Reached XP level 4. HP: 28/35 MP: 6/6
  1413 | D:2      | Reached skill level 1 in Shields
  1625 | D:2      | Found a snail-covered altar of Cheibriados.
  1912 | D:3      | Reached ** piety under Lugonu
  1916 | D:3      | Reached skill level 4 in Invocations
  1916 | D:3      | Gained mutation: You are immune to freezing clouds. [demonic ancestry]
  1916 | D:3      | Reached XP level 5. HP: 33/41 MP: 6/8
  2129 | D:3      | Noticed Jessica
  2134 | D:3      | Killed Jessica
  2562 | D:3      | Found a faded altar of an unknown god.
  3033 | D:3      | Gained mutation: A meltable icy envelope protects you from harm. (AC +10) [demonic ancestry]
  3033 | D:3      | Reached XP level 6. HP: 45/48 MP: 9/9
  3292 | D:4      | Found a sparkling altar of Nemelex Xobeh.
  3292 | D:4      | Found a glowing silver altar of Zin.
  3292 | D:4      | Found a blossoming altar of Fedhas.
  3294 | D:4      | Found an iron altar of Okawaru.
  3397 | D:4      | Noticed Edmund
  3409 | D:4      | Killed Edmund
  3409 | D:4      | Gained mutation: You have very sharp fingernails. [demonic ancestry]
  3409 | D:4      | Reached XP level 7. HP: 39/53 MP: 10/10
  3616 | D:4      | Found a basalt altar of Yredelemnul.
  3705 | D:4      | Found a staircase to the Ecumenical Temple.
  3847 | D:5      | Entered Level 5 of the Dungeon
  3848 | D:5      | Noticed Blork the orc
  3860 | D:4      | Reached skill level 5 in Invocations
  4153 | D:5      | Killed Blork the orc
  4241 | D:5      | Found a sand-covered staircase.
  4253 | Ossuary  | Entered an ossuary
  4298 | Ossuary  | Reached *** piety under Lugonu
  4510 | D:5      | Noticed Eustachio
  4519 | D:5      | Killed Eustachio
  4519 | D:5      | Reached skill level 5 in Armour
  4519 | D:5      | Gained mutation: You have claws for hands. [demonic ancestry]
  4519 | D:5      | Reached XP level 8. HP: 55/60 MP: 12/12
  4520 | D:5      | Found Qenlupoa's Weapon Shop.
  4531 | D:5      | Bought a +2 hand axe of flaming for 174 gold pieces
  4610 | D:5      | Noticed Grinder
  4625 | D:5      | Paralysed by Grinder for 3 turns
  4629 | D:5      | Killed Grinder
  4913 | D:5      | Reached skill level 6 in Invocations
  4923 | D:5      | Gained mutation: You passively map a small area around you. [mutagenic meat]
  4924 | D:5      | Gained mutation: You have sharp toenails. [mutagenic meat]
  4925 | D:5      | Gained mutation: You are agile. (Dex +2) [mutagenic meat]
  4934 | D:5      | Found a runed door.
  4938 | D:5      | Noticed Crazy Yiuf
  4943 | D:5      | Killed Crazy Yiuf
  5162 | D:5      | Noticed Menkaure
  5168 | D:5      | Killed Menkaure
  5168 | D:5      | Reached skill level 5 in Axes
  6116 | D:7      | Reached skill level 7 in Invocations
  6119 | D:7      | Noticed Pikel
  6336 | D:5      | Killed Pikel
  6336 | D:5      | Reached XP level 9. HP: 66/66 MP: 14/14
  6388 | D:7      | Found Rant's Book Boutique.
  6545 | D:7      | Reached **** piety under Lugonu
  6853 | D:8      | Found a staircase to the Lair.
  6975 | D:8      | Noticed a troll
  6985 | D:8      | Killed a troll
  6985 | D:8      | Reached skill level 8 in Invocations
  7097 | D:8      | Noticed Fv001's ghost (novice DrCj)
  7110 | D:8      | Banished Fv001's ghost
  7581 | D:8      | Reached skill level 5 in Fighting
  7581 | D:8      | Gained mutation: You regenerate a little health from kills. [demonic ancestry]
  7581 | D:8      | Reached XP level 10. HP: 74/74 MP: 16/16
  7594 | D:8      | Reached skill level 5 in Shields
  7707 | D:8      | Noticed a three-headed hydra
  7711 | D:8      | Killed a one-headed hydra
  7711 | D:8      | Reached skill level 9 in Invocations
  8451 | D:9      | Noticed Joseph
  8462 | D:9      | Killed Joseph
  8890 | Lair:1   | Entered Level 1 of the Lair of Beasts
  9212 | Lair:1   | Reached ***** piety under Lugonu
  9228 | Lair:1   | Noticed a spiny frog
  9230 | Lair:1   | Noticed a black mamba
  9235 | Lair:1   | Killed a spiny frog
  9248 | Lair:1   | Killed a black mamba
  9248 | Lair:1   | Reached XP level 11. HP: 37/81 MP: 18/18
  9686 | Lair:1   | Reached skill level 10 in Invocations
  9812 | Lair:1   | Noticed a five-headed hydra
  9825 | Lair:1   | Killed a one-headed hydra
 10424 | Lair:2   | Noticed an eight-headed hydra
 10738 | Lair:2   | Killed a one-headed hydra
 10889 | Lair:2   | Found a staircase to the Shoals.
 11088 | Lair:2   | Reached skill level 11 in Invocations
 11715 | Lair:3   | Noticed a death yak
 11717 | Lair:3   | Noticed a death yak
 11800 | Lair:3   | Banished a death yak
 12049 | Lair:3   | Noticed an oklob plant
 12049 | Lair:3   | Noticed an oklob plant
 12077 | Lair:3   | Reached XP level 12. HP: 88/88 MP: 20/20
 12235 | Lair:3   | Noticed a death yak
 12236 | Lair:3   | Noticed a death yak
 12306 | Lair:2   | Killed a death yak
 12461 | Lair:3   | Noticed a death yak
 12831 | Lair:3   | Lost mutation: You have sharp toenails. [potion of cure mutation]
 12831 | Lair:3   | Lost mutation: You are agile. (Dex +2) [potion of cure mutation]
 12831 | Lair:3   | Lost mutation: You passively map a small area around you. [potion of cure mutation]
 13110 | Lair:4   | Gained mutation: You are resistant to hostile enchantments. (MR+) [potion of mutation]
 13110 | Lair:4   | Gained mutation: Your spells are a little harder to cast, but a little more powerful. [potion of mutation]
 13110 | Lair:4   | Gained mutation: You expend magic power (3 MP) to strengthen your wands. [potion of mutation]
 13111 | Lair:4   | Lost mutation: Your spells are a little harder to cast, but a little more powerful. [potion of cure mutation]
 13111 | Lair:4   | Lost mutation: You expend magic power (3 MP) to strengthen your wands. [potion of cure mutation]
 13111 | Lair:4   | Lost mutation: You are resistant to hostile enchantments. (MR+) [potion of cure mutation]
 13112 | Lair:4   | Gained mutation: You are weak. (Str -2) [potion of mutation]
 13112 | Lair:4   | Gained mutation: You evolve. [potion of mutation]
 13112 | Lair:4   | Gained mutation: You have a beak for a mouth. [potion of mutation]
 13138 | Lair:4   | Got a shimmering trident
 13139 | Lair:4   | Identified the +6 trident of Liler {pierce, rElec SInv} (You found it on level 4 of the Lair of Beasts)
 13353 | Lair:4   | Gained mutation: You possess an exceptional clarity of mind. [evolution]
 13411 | Lair:4   | Reached skill level 10 in Armour
 13474 | Lair:4   | Found a hole to the Spider Nest.
 13533 | Lair:4   | You fall through a shaft for 2 floors!
 13533 | Lair:6   | Entered Level 6 of the Lair of Beasts
 13588 | Lair:5   | Reached skill level 12 in Invocations
 14546 | Lair:5   | Noticed a four-headed hydra
 14555 | Lair:5   | Killed a one-headed hydra
 14667 | Lair:5   | Reached skill level 10 in Axes
 15346 | Lair:6   | Reached XP level 13. HP: 94/95 MP: 22/22
 15989 | Lair:6   | Found a staircase to the Slime Pits.
 16105 | Lair:6   | Reached skill level 10 in Shields
 16109 | Lair:6   | Lost mutation: You are weak. (Str -2) [potion of cure mutation]
 16109 | Lair:6   | Lost mutation: You evolve. [potion of cure mutation]
 16109 | Lair:6   | Lost mutation: You have a beak for a mouth. [potion of cure mutation]
 16109 | Lair:6   | Lost mutation: You possess an exceptional clarity of mind. [potion of cure mutation]
 16148 | Lair:6   | Reached skill level 13 in Invocations
 16349 | Lair:6   | Noticed a dire elephant
 16980 | Lair:6   | Killed a dire elephant
 17397 | D:10     | Entered Level 10 of the Dungeon
 17409 | D:10     | Found Poteliu's Book Boutique.
 17778 | D:10     | Noticed LupusAter's ghost (journeyman DECj)
 17794 | D:10     | Killed LupusAter's ghost
 17925 | D:10     | Reached XP level 14. HP: 104/104 MP: 24/24
 18013 | D:10     | Found a staircase to the Orcish Mines.
 18127 | D:10     | Gained mutation: You have a beak for a mouth. [potion of beneficial mutation]
 18307 | Orc:1    | Entered Level 1 of the Orcish Mines
 18387 | Orc:2    | Entered Level 2 of the Orcish Mines
 18387 | Orc:2    | Found a staircase to the Elven Halls.
 18387 | Orc:2    | Found Ymotujop's General Store.
 18406 | Orc:1    | Found Kosowikh's Antique Weapon Boutique.
 18413 | Orc:1    | Found a bloodstained altar of Trog.
 18462 | Orc:1    | Reached ****** piety under Lugonu
 19384 | Orc:2    | Reached skill level 14 in Invocations
 19726 | Orc:2    | Found Wuoplock's Armour Shop.
 19726 | Orc:2    | Found Veuggaug's Assorted Antiques.
 19728 | Orc:2    | Found Lotet's Armour Emporium.
 19730 | Orc:2    | Found Hoicwoh's Armour Boutique.
 19735 | Orc:2    | Bought a scroll labeled ATSUYKK FAISEE for 26 gold pieces
 19860 | Orc:2    | Bought a +0 plate armour of fire resistance for 480 gold pieces
 20170 | Orc:2    | Bought a potion of cure mutation for 400 gold pieces
 20434 | Orc:2    | Bought a sedimented coppery potion for 23 gold pieces
 20434 | Orc:2    | Bought a sedimented coppery potion for 23 gold pieces
 20894 | D:11     | Noticed Assic's ghost (journeyman GrEE)
 20974 | D:11     | Killed Assic's ghost
 21640 | D:11     | You fall through a shaft for 2 floors!
 23139 | D:12     | Found Vopton's Gadget Shop.
 23531 | D:13     | Identified a scroll of acquirement
 23538 | D:13     | Identified a +0 pair of boots of running (You acquired it on level 13 of the Dungeon)
 23737 | D:13     | Found a portal to a secret trove of treasure.
 24798 | D:14     | Reached XP level 15. HP: 112/112 MP: 26/26
 24886 | D:14     | Found a gate to the Vaults.
 24903 | D:14     | Reached skill level 15 in Invocations
 25114 | Elf:1    | Entered Level 1 of the Elven Halls
 25570 | D:14     | Noticed Snorg
 25610 | D:14     | Killed Snorg
 25899 | D:14     | Found Heatag's Weapon Boutique.
 25996 | D:15     | Entered Level 15 of the Dungeon
 26103 | D:15     | Found a shimmering altar of Xom.
 26111 | D:15     | Found a labyrinth entrance.
 26130 | Lab      | Entered a labyrinth
 26131 | Lab      | Gained mutation: Your movements are less encumbered by armour. (ER -4) [potion of beneficial mutation]
 26520 | Lab      | Identified the Tome of Cold and Confrontation
 27357 | D:15     | Found a staircase to the Depths.
 27425 | Depths:1 | Entered Level 1 of the Depths
 27456 | Depths:1 | Paralysed by a great orb of eyes for 6 turns
 28854 | Orc:2    | Upgraded the game from 0.19.0-23-gf02e663 to 0.19.0-24-gb05acd6
 29164 | Elf:1    | Found Tukaifuu's Antique Weapon Shop.
 29190 | Elf:1    | Gained mutation: You regenerate health from kills. [demonic ancestry]
 29190 | Elf:1    | Reached XP level 16. HP: 66/120 MP: 27/27
 30261 | Orc:1    | Reached skill level 16 in Invocations
 30896 | Spider:1 | Entered Level 1 of the Spider Nest
 32712 | Spider:1 | Reached skill level 1 in Throwing
 35287 | Spider:2 | Got a sapphire hand axe
 35294 | Spider:2 | Identified the +2 hand axe of Zayrus {speed, rC+ Dex+3} (You found it on level 2 of the Spider Nest)
 35796 | Spider:2 | Reached skill level 17 in Invocations
 35799 | Spider:2 | Reached skill level 10 in Fighting
 36181 | Spider:3 | Noticed Aizul
 37379 | Spider:3 | Gained mutation: You are robust. (+10% HP) [demonic ancestry]
 37379 | Spider:3 | Reached XP level 17. HP: 122/140 MP: 29/29
 37888 | Spider:2 | Killed from afar by Aizul

Skill      XL: |  1  2  3  4  5  6  7  8  9 10 11 12 13 14 15 16 |
---------------+-------------------------------------------------+-----
Armour         | 2 3 5 6 7 8 9 10 11 12 13 | 13.5
Invocations    | 3 4 5 7 8 9 11 12 13 14 15 17 | 17.4
Dodging        | 1 2 3 4 |  4.0
Axes           | 2 3 4 6 7 8 9 10 11 12 13 | 13.6
Shields        | 1 2 3 4 6 7 9 10 11 12 14 | 14.2
Fighting       | 4 5 6 7 8 9 10 | 10.1
Throwing       | 1 |  1.0
Polearms       | |  0.5
Evocations     | |  0.4

Action                   |  1- 3 |  4- 6 |  7- 9 | 10-12 | 13-15 | 16-18 || total
-------------------------+-------+-------+-------+-------+-------+-------++-------
Melee: Hand axe          |   113 |   112 |   298 |   642 |  1852 |  1052 ||  4069
       Kick              |       |       |    47 |   139 |       |       ||   186
       Peck              |       |       |       |    21 |   311 |   235 ||   567
       Trident           |       |       |       |       |     4 |    12 ||    16
Throw: Javelin           |       |       |       |     8 |       |     4 ||    12
Invok: Depart the Abyss  |     1 |       |       |       |       |       ||     1
       Banish            |       |       |     2 |     9 |     1 |    44 ||    56
Evoke: Phial of floods   |       |       |       |       |     1 |       ||     1
       Sack of spiders   |       |       |       |       |     1 |       ||     1
       Wand              |       |       |       |       |       |     4 ||     4
  Use: Scroll            |     4 |       |    17 |    10 |    18 |    10 ||    59
       Potion            |       |     1 |     2 |    15 |    13 |    14 ||    45
 Stab: Petrified         |       |       |       |       |    12 |       ||    12
       Petrifying        |       |       |       |       |     1 |       ||     1
       Distracted        |       |       |       |       |     1 |       ||     1
       Held in net/web   |       |       |       |       |       |     1 ||     1
  Eat: Chunk             |     2 |     6 |    13 |    11 |    29 |    13 ||    74
       Bread ration      |       |       |     1 |     1 |     1 |     5 ||     8
       Fruit             |       |       |     2 |    21 |     1 |     1 ||    25
       Pizza             |       |       |       |       |     6 |     1 ||     7
Armor: Ring mail         |    35 |       |       |       |       |       ||    35
       Scale mail        |    45 |    17 |       |       |       |       ||    62
       Chain mail        |       |    47 |   133 |       |       |       ||   180
       Plate armour      |       |       |    19 |   430 |   702 |   682 ||  1833
Dodge: Dodged            |    26 |    17 |    49 |   180 |   417 |   422 ||  1111
Block: Large shield      |    63 |    76 |   199 |   624 |  1510 |  1195 ||  3667
